 Dungeon Crawl Stone Soup version 0.28.0-53-g5a82cb258f (webtiles) character file.

Game seed: 16472980358872458894

1 mortz the Conjurer (level 1, -1/10 HPs)
             Began as a Kobold Conjurer on Aug 18, 2022.
             Frozen to death by an endoplasm (5 damage)
             ... on level 1 of the Dungeon.
             The game lasted 00:00:47 (194 turns).

mortz the Conjurer (Kobold Conjurer)                 Turns: 194, Time: 00:00:48

Health: -1/10      AC:  2    Str:  4    XL:     1   Next: 22%
Magic:  0/3        EV: 14    Int: 19    God:
Gold:   6          SH:  0    Dex: 13    Spells: 3/4 levels left

rFire   . . .      SeeInvis .   (weapon restricted)
rCold   . . .      Faith    .   (no shield)
rNeg    . . .      Spirit   .   a - +0 robe
rPois   .          Reflect  .   (no helmet)
rElec   .          Harm     .   (no cloak)
rCorr   .          Rampage  .   (no gloves)
Will    .....                   (no boots)
Stlth   +++.......              (no amulet)
HPRegen 0.03/turn               (no ring)
MPRegen 0.08/turn               (no ring)

@: no status effects
A: small, no large weapons, nightstalker 3
a: no special abilities


You were on level 1 of the Dungeon.
You visited 1 branch of the dungeon, and saw 1 of its levels.

You collected 6 gold pieces.


Innate Abilities, Weirdness & Mutations

You are small and have problems with some larger weapons.
You are completely attuned to the shadows.


   Skills:
 + Level 2.4 Dodging
 * Level 2.6 Stealth
 + Level 2.1 Spellcasting
 + Level 4.0 Conjurations


You had 3 spell levels left.
You knew the following spells:

 Your Spells              Type           Power      Damage    Failure   Level
a - Magic Dart            Conj           68%        1d6       3%          1

Your spell library contained the following spells:

 Spells                   Type           Power      Damage    Failure   Level
 Searing Ray              Conj           34%        2d5       4%          2
 Dazzling Flash           Conj/Hex       18%        N/A       22%         3
 Fulminant Prism          Conj/Hex       4%         3d6       56%         4
 Iskenderun's Mystic Bla  Conj/Tloc      9%         2d4       56%         4

Inventory:

Armour
 a - a +0 robe (worn)

Dungeon Overview and Level Annotations

Branches:
Dungeon (1/15)

Altars:

##...................#
#...###########.#####
##..##..........#
###..##.##########
........# ........# .
........# ####.#
........#######....#
####>..(.......@J..#
############.#..# #.#
.. #.# . #..


You could see an endoplasm.


Message History

🤖 Initializing magus.rc ... ✅ Successfully initialized magus.rc [v1.9.6] Welcome, mortz the Kobold Conjurer.
The Orb of Zot is coveted for many reasons.
Will you seize it for your own?
Press ? for a list of commands and other information.
Found 39 stones.
Found an escape hatch in the floor.
Found a staircase leading out of the dungeon.
There is a dry fountain here.
A rat comes into view.
The magic dart hits the rat.
You kill the rat!
A ball python comes into view. 😎 MP[-1]
You lost 1 mp, and now have 2/3 mp.
The magic dart hits the ball python.
You kill the ball python! 😎 MP[-1]
You lost 1 mp, and now have 1/3 mp.
Things that are here:
a ball python corpse; a rat corpse; 😎 MP[+2]
Your mp is fully restored (3).
Found a stone staircase leading down.
You now have 3 gold pieces.
You now have 6 gold pieces (gained 3).
Found a stone staircase leading down.
You see here 17 sling bullets.
An endoplasm comes into view.
The magic dart hits the endoplasm but does no damage.
The endoplasm quivers. 😎 MP[-1]
You lost 1 mp, and now have 2/3 mp.
The magic dart hits the endoplasm. 😎 MP[-1]
You lost 1 mp, and now have 1/3 mp.
The magic dart hits the endoplasm. 😎 MP[-1]
You lost 1 mp, and now have 0/3 mp.
You are too depleted to draw on your mana recklessly!
You hit the endoplasm but do no damage. The endoplasm freezes you.
You are frozen. 😕 HP[-1]
You take 1 damage, and now have 9/10 hp.
You hit the endoplasm but do no damage.
You punch the endoplasm, but do no damage.
The endoplasm closely misses you.
You barely miss the endoplasm. The endoplasm closely misses you.
You hit the endoplasm.
The endoplasm hits you but does no damage.
You hit the endoplasm but do no damage. The endoplasm freezes you.
You are frozen.
Ouch! That really hurt!
* * * LOW HITPOINT WARNING * * *
😨 HP[-5]
You take 5 damage, and now have 4/10 hp.
MASSIVE DAMAGE!! (PAUSE)
You hit the endoplasm but do no damage. The endoplasm freezes you.
You are frozen.
Ouch! That really hurt!
You die...

Action                   || total
-------------------------++-------
Melee: Unarmed           ||     6
       Punch             ||     1
 Cast: Magic Dart        ||     5
Armor: Robe              ||     1
Dodge: Dodged            ||     2

Levels and vault maps discovered:
D:1:      dpeg_arrival_lava_temple_mockup, layout_basic, basic_ecumenical_altar,
          minmay_pentomino_q2

Notes
Turn   | Place    | Note
-------+----------+-------------------------------------------
     0 | D:1      | mortz the Kobold Conjurer began the quest for the Orb.
     0 | D:1      | Reached XP level 1. HP: 10/10 MP: 3/3
     0 | D:1      | magus.rc [v1.9.6]
   194 | D:1      | Frozen to death by an endoplasm

Vanquished Creatures
  A ball python (D:1)
  A rat (D:1)
2 creatures vanquished.

Table legend:
 A = Non-vault XP
 B = Vault XP
 C = Vault XP percentage of total XP
 D = Non-vault monster count
 E = Vault monster count
 F = Vault count percentage of total count
                 A         B        C        D         E       F
            +---------+---------+-------+---------+---------+-------
      Total |       2 |       0 |   0.0 |       2 |       0 |   0.0
            +---------+---------+-------+---------+---------+-------
        D:1 |       2 |       0 |   0.0 |       2 |       0 |   0.0
            +---------+---------+-------+---------+---------+-------

Illustrated notes

Table legend:
 A = Kills in this place as a percentage of kills in entire the game.
 B = Kills by you in this place as a percentage of kills by you in the entire game.
 C = Kills by friends in this place as a percentage of kills by friends in the entire game.
 D = Other kills in this place as a percentage of other kills in the entire game.
 E = Experience gained in this place as a percentage of experience gained in the entire game.
 F = Experience gained in this place divided by the number of levels of this place that you have seen.
                   A       B       C       D       E      F
               +-------+-------+-------+-------+-------+----------------------
         Total | 100.0 | 100.0 |   N/A |   N/A | 100.0 |   2.0
       Dungeon | 100.0 | 100.0 |   N/A |   N/A | 100.0 |   2.0
               +-------+-------+-------+-------+-------+----------------------

Table legend: (Time is in decaauts)
 A = Elapsed time spent in this place.
 B = Non-inter-level travel time spent in this place.
 C = Inter-level travel time spent in this place.
 D = Time resting spent in this place.
 E = Time spent auto-exploring this place.
 F = Levels seen in this place.
 G = Mean time per level.
                   A        B        C        D        E       F      G
               +--------+--------+--------+--------+--------+-----+--------+
         Total |    194 |    194 |      0 |      0 |    179 |   1 |  194.0 |
       Dungeon |    194 |    194 |      0 |      0 |    179 |   1 |  194.0 |
               +--------+--------+--------+--------+--------+-----+--------+

Top non-repeatable levels by time:
     D:1: 194 daAuts
